 Dungeon Crawl Stone Soup version 0.31-a0-949-g57150269e1 (webtiles) character file.

Game seed: 4684411380601738937

60 p00ps00p the Trooper (level 4, 0/40 HPs)
             Began as a Hill Orc Fighter on Oct 21, 2023.
             Slain by an orc wizard
             ... wielding a +1 dagger of venom
              (4 damage)
             ... on level 3 of the Dungeon.
             The game lasted 00:02:15 (1532 turns).

p00ps00p the Trooper (Hill Orc Fighter)             Turns: 1532, Time: 00:02:16

Health: 0/40       AC: 10    Str: 20    XL:     4   Next: 4%
Magic:  4/4        EV:  7    Int:  8    God:
Gold:   118        SH:  0    Dex: 10    Spells: 3/3 levels left

rFire   . . .        a - +0 war axe
rCold   . . .        c - +0 buckler
rNeg    . . .        s - +1 chain mail
rPois   .            (no helmet)
rElec   .            (no cloak)
rCorr   .            (no gloves)
SInv    .            (no boots)
Will    .....        m - amulet of magic regeneration Stlth
                     (no ring)
HPRegen 0.26/turn    (no ring)
MPRegen 0.49/turn

%: no passive effects
@: confused, mighty, lethally poisoned (0 -> -22), hasted, very quick
A: no striking features
a: no special abilities


You were on level 3 of the Dungeon.
You visited 1 branch of the dungeon, and saw 3 of its levels.

You collected 118 gold pieces.

Inventory:

Hand Weapons
 a - a +0 war axe (weapon)
Armour
 b - a +0 scale mail
 c - a +0 buckler (worn)
 s - a +1 chain mail (worn)
Jewellery
 m - an amulet of magic regeneration (around neck)
Scrolls
 g - a scroll of teleportation {unknown}
 h - a scroll of identify
Potions
 f - 2 potions of enlightenment
 l - a potion of lignification {unknown}
 o - 2 potions of cancellation
 p - a potion of heal wounds {unknown}
 q - a potion of curing {unknown}
 r - a potion of resistance {unknown}


   Skills:
 + Level 4.2 Fighting
 + Level 3.7 Axes
 + Level 3.8 Armour
 + Level 3.8 Shields


You had 3 spell levels left.
You didn't know any spells.
Your spell library contained the following spells:

 Spells                   Type           Power      Damage    Failure   Level
 Poisonous Vapours        Pois/Air       0%         N/A       99%         2
 Mephitic Cloud           Conj/Pois/Air  0%         N/A       100%        3
 Freezing Cloud           Conj/Ice/Air   0%         6-21      100%        5


Dungeon Overview and Level Annotations

Branches:
Dungeon (3/15)

Altars:


Message History

You are too confused!
Unknown command.
You are too confused!
Unknown command.
You are too confused!
Unknown command.
You are too confused!
Unknown command.
You miss the orc.
The orc is heavily wounded.
You barely miss something. Something hits you but does no damage.
You are poisoned.
The orc closely misses you.
You hit the orc.
The orc is almost dead.
You barely miss something.
You feel very sick. The orc barely misses you.
You hear some strange, mumbled words.
You are more confused.
You feel very mighty all of a sudden.
You feel sick. The orc hits you with a +0 flail.
Something hits you but does no damage.
You're too confused to move!
You feel sick. The orc barely misses you.
Something hits you but does no damage.
You are more poisoned.
You miss something. You slash the orc!
You kill the orc!
You feel very sick. Something hits you but does no damage.
You are lethally poisoned!
Something hits you.
* * * LOW HITPOINT WARNING * * *
You are more poisoned.
Unknown command.
It was a potion of haste.
You feel yourself speed up.
* * * LOW HITPOINT WARNING * * *
You feel extremely sick. Something hits you.
You die...

#.#.# #.#.###
#.....# ###.#.#
## #.#.# . #.#.#
#. #.#.# #.###
#.#.# #O{)#
####.#'#######@#
#..............#
#.......########
#.......#
#.......#
#.......#
#.......#
#.......#
.###.####


You could see an ogre.

Vanquished Creatures
  An adder (D:2)
  A worm (D:3)
  A dart slug (D:1)
  3 orcs (D:3)
  6 ball pythons
  3 endoplasms
  2 giant cockroaches
  4 goblins (D:1)
  4 hobgoblins
  2 quokkas (D:1)
  2 bats (D:1)
  3 frilled lizards
  3 kobolds
  7 rats
42 creatures vanquished.

Notes
Turn   | Place    | Note
-------+----------+-------------------------------------------
     0 | D:1      | p00ps00p the Hill Orc Fighter began the quest for the Orb.
     0 | D:1      | Reached XP level 1. HP: 19/19 MP: 1/1
   158 | D:1      | Reached XP level 2. HP: 27/27 MP: 2/2
   558 | D:1      | Reached skill level 4 in Fighting
   586 | D:1      | Reached XP level 3. HP: 30/33 MP: 3/3
   907 | D:2      | Found a faded altar of an unknown god.
  1526 | D:3      | Noticed an ogre
  1527 | D:3      | Reached XP level 4. HP: 25/40 MP: 4/4
  1532 | D:3      | Slain by an orc wizard

Illustrated notes

Levels and vault maps discovered:
D:1:      dpeg_arrival_tiny_i, layout_loops_corners
D:2:      layout_loops_ring, basic_ecumenical_altar
D:3:      layout_basic, nicolae_ru_awakened_eye

Skill      XL: |  1  2 |
---------------+-------+-----
Axes           | 3 |  3.7
Fighting       | 4 |  4.2
Armour         | |  3.8
Shields        | |  3.8

Action                     |  1- 3 |  4- 6 || total
---------------------------+-------+-------++-------
  Melee: War axe           |    99 |     3 ||   102
    Use: Scroll            |     7 |       ||     7
         Potion            |       |     2 ||     2
 Armour: Scale mail        |    43 |       ||    43
         Chain mail        |    10 |     7 ||    17
  Dodge: Dodged            |    44 |     3 ||    47
  Block: Buckler           |    29 |       ||    29

Table legend: (Time is in decaauts)
 A = Elapsed time spent in this place.
 B = Non-inter-level travel time spent in this place.
 C = Inter-level travel time spent in this place.
 D = Time resting spent in this place.
 E = Time spent auto-exploring this place.
 F = Levels seen in this place.
 G = Mean time per level.
                   A        B        C        D        E       F      G
               +--------+--------+--------+--------+--------+-----+--------+
         Total |   1570 |   1538 |     32 |      0 |   1233 |   3 |  523.3 |
       Dungeon |   1570 |   1538 |     32 |      0 |   1233 |   3 |  523.3 |
               +--------+--------+--------+--------+--------+-----+--------+

Top non-repeatable levels by time:
     D:1: 831 daAuts
     D:2: 628 daAuts
     D:3: 109 daAuts
